 Dungeon Crawl Stone Soup version 0.31-a0-112-gdf0485fa37 (webtiles) character file.

Game seed: 13249935253278495641

383 Kenran the Ruffian (level 6, -4/59 HPs)
             Began as a Troll Monk on May 28, 2023.
             Was a Believer of Cheibriados.
             Slain by a gnoll
             ... wielding a +0 halberd
             ... led by a gnoll bouda
              (13 damage)
             ... on level 5 of the Dungeon.
             The game lasted 00:05:00 (4024 turns).

Kenran the Ruffian (Troll Monk)                     Turns: 4024, Time: 00:05:01

Health: -4/59      AC:  4    Str: 26    XL:     6   Next: 47%
Magic:  5/5        EV:  1    Int: 12    God:    Cheibriados [**....]
Gold:   209        SH:  0    Dex: 20    Spells: 5/5 levels left

rFire   . .          .
                       - Unarmed
rCold   . . .        c - orb {light}
rNeg    . . .        a - +0 robe
rPois   .            (helmet restricted)
rElec   .            (no cloak)
rCorr   .            (gloves unavailable)
SInv    .            (boots unavailable)
Will    .....        (no amulet)
Stlth   +            l - ring of flight
HPRegen 1.09/turn    (no ring)
MPRegen 0.09/turn

%: no passive effects
@: sleeping, flying, glowing, very slow
A: large, unfitting armour, claws 3, regeneration 1, shaggy fur 1, tough skin 1
a: Renounce Religion, Bend Time


You were on level 5 of the Dungeon.
You worshipped Cheibriados.
Cheibriados was pleased with you.
You visited 2 branches of the dungeon, and saw 6 of its levels.

You collected 209 gold pieces.

Inventory:

Missiles
 d - 11 poisoned darts (quivered)
 x - 5 curare-tipped darts
Armour
 a - a +0 robe (worn)
 c - an orb of light (worn)
Jewellery
 l - a ring of flight (left claw)
Wands
 q - a wand of flame (16)
 r - a wand of iceblast (14)
Scrolls
 e - a scroll of enchant armour
 i - a scroll of magic mapping {unknown}
 j - 2 scrolls of vulnerability {unknown}
 m - a scroll of fog {unknown}
 n - a scroll of brand weapon {unknown}
 s - a scroll of blinking {unknown}
 t - a scroll of enchant weapon {unknown}
 v - a scroll of poison {unknown}
 w - a scroll of teleportation {unknown}
 y - a scroll of amnesia {unknown}
Potions
 b - a potion of ambrosia
 f - 3 potions of curing {unknown}
 g - a potion of brilliance {unknown}
 h - a potion of haste {unknown}
 k - a potion of degeneration {unknown}
 o - a potion of lignification {unknown}
 p - a potion of heal wounds {unknown}
 u - 2 potions of magic {unknown}


   Skills:
 - Level 2.4 Fighting
 - Level 2.4 Dodging
 + Level 7.4 Unarmed Combat


You had 5 spell levels left.
You didn't know any spells.
Your spell library was empty.

Dungeon Overview and Level Annotations

Branches:
Dungeon (5/15)             Temple (1/1) D:4

Altars:
Ashenzari
Cheibriados
Elyvilon
Kikubaaqudgha
Makhleb
Okawaru
Trog
Vehumet
Xom
Yredelemnul

Shops:
D:1 (


Innate Abilities, Weirdness & Mutations

You are too large for most types of armour.
You have claws for hands.
Your natural rate of healing is unusually fast.
You are covered in fur. (AC +1)
You have tough skin. (AC +1)


Message History

Things that are here:
a +0 club; a +0 club; a gnoll corpse You barely miss the gnoll bouda.
The gnoll bouda hits you with a +0 whip!
The gnoll barely misses you.
You scratch the gnoll bouda.
The gnoll bouda is moderately wounded.
The gnoll bouda hits you with a +0 whip.
You claw the gnoll bouda!
The gnoll bouda is almost dead.
The gnoll hits you from afar with a +0 halberd!
You are too injured to fight recklessly!
You are too injured to fight recklessly!
You are too injured to fight recklessly!
You claw the gnoll bouda!
You kill the gnoll bouda!
Cheibriados appreciates the change of pace.
Cheibriados raises the support of your attributes as your movement slows.
The gnoll hits you from afar with a +0 halberd.
Your attacks no longer feel as feeble.
The gnoll hits you from afar with a +0 halberd!
The sleepcap barely misses you.
You scratch the sleepcap but do no damage.
The gnoll is no longer moving quickly.
The gnoll hits you from afar with a +0 halberd.
The sleepcap releases spores at you.
You scratch the sleepcap but do no damage.
The gnoll barely misses you. The sleepcap releases spores at you.
You claw the sleepcap!
The sleepcap is heavily damaged.
You scratch the sleepcap.
The sleepcap is heavily damaged.
The gnoll hits you from afar with a +0 halberd!
* * * LOW HITPOINT WARNING * * *
The sleepcap releases spores at you.
* * * LOW HITPOINT WARNING * * *
You are engulfed in a cloud of soporific spores!
You fall asleep.
The gnoll hits you from afar with a +0 halberd!
You die...

# #.# #.# #.
####.######.# ..
#.......)...#
#.##.##.#..#####
#..........#
####.#####.#
#.#####.#
#...(...#
#@####### #f#
#g# .g. #.[.#
#.=.. #.....
...... .......


You could see a sleepcap and 2 gnolls.

Vanquished Creatures
  A jelly (D:4)
  A gnoll bouda (D:5)
  A hound (D:5)
  A sleepcap (D:4)
  Natasha (thrice) (D:3)
  Terence (D:3)
  6 gnolls
  3 adders
  2 worms (D:2)
  A dart slug (D:2)
  An orc (D:5)
  10 ball pythons
  8 bats
  6 endoplasms
  5 giant cockroaches
  8 goblins
  5 hobgoblins
  5 kobolds
  3 quokkas
  7 frilled lizards
  4 rats
  A butterfly (D:4)
83 creatures vanquished.

Notes
Turn   | Place    | Note
-------+----------+-------------------------------------------
     0 | D:1      | Kenran the Troll Monk began the quest for the Orb.
     0 | D:1      | Reached XP level 1. HP: 22/22 MP: 0/0
    52 | D:1      | Reached XP level 2. HP: 29/29 MP: 1/1
    74 | D:1      | Found a faded altar of an unknown god.
   150 | D:1      | Reached skill level 4 in Unarmed Combat
   256 | D:1      | Found Casuen's Antique Weapon Emporium.
   360 | D:1      | Reached XP level 3. HP: 36/36 MP: 2/2
  1435 | D:3      | Noticed Terence
  1445 | D:3      | Killed Terence
  1446 | D:3      | Reached skill level 5 in Unarmed Combat
  1446 | D:3      | Reached XP level 4. HP: 43/44 MP: 3/3
  1635 | D:3      | Noticed Natasha
  1641 | D:3      | Killed Natasha
  1927 | D:3      | Noticed Natasha
  1935 | D:3      | Killed Natasha
  1936 | D:3      | Reached XP level 5. HP: 45/50 MP: 4/4
  2565 | D:3      | Noticed Natasha
  2573 | D:3      | Killed Natasha
  2574 | D:3      | Reached skill level 6 in Unarmed Combat
  2973 | D:4      | Found a staircase to the Ecumenical Temple.
  2984 | Temple   | Entered the Ecumenical Temple
  3048 | Temple   | Became a worshipper of Cheibriados the Contemplative
  3048 | Temple   | Reached * piety under Cheibriados
  3048 | Temple   | Reached ** piety under Cheibriados
  3585 | D:4      | Found a basalt altar of Yredelemnul.
  3818 | D:4      | Reached XP level 6. HP: 53/59 MP: 5/5
  3843 | D:4      | Reached skill level 7 in Unarmed Combat
  3954 | D:5      | Entered Level 5 of the Dungeon
  4024 | D:5      | Slain by a gnoll

Illustrated notes

Levels and vault maps discovered:
D:1:      dpeg_arrival_arbitrary_c, layout_rooms, basic_ecumenical_altar,
          serial_shops, nicolae_shop_overgrown_old_shop
D:2:      layout_basic, nicolae_concentric_dashed_squares_mild,
          minmay_misc_feat_roman
D:3:      layout_loops_corners, uniq_terence, uniq_natasha
D:4:      layout_loops_corners, yredelemnul_altar_generic,
          minmay_temple_entry_butterflies
D:5:      layout_loops_cross, lightli_sewer_entry_pipes, serial_shops,
          nicolae_shop_peninsula, minmay_checkerbox, uniq_edmund
Temple:   dpeg_five_rooms_temple

Skill      XL: |  1  2  3  4  5  6 |
---------------+-------------------+-----
Unarmed Combat | 4 5 6 7 |  7.4
Fighting       | |  2.4
Dodging        | |  2.4

Action                     |  1- 3 |  4- 6 || total
---------------------------+-------+-------++-------
  Melee: Unarmed           |   110 |    87 ||   197
  Throw: Dart              |     1 |       ||     1
    Use: Scroll            |     2 |       ||     2
 Armour: Robe              |    42 |    13 ||    55
  Dodge: Dodged            |    60 |    33 ||    93

Table legend: (Time is in decaauts)
 A = Elapsed time spent in this place.
 B = Non-inter-level travel time spent in this place.
 C = Inter-level travel time spent in this place.
 D = Time resting spent in this place.
 E = Time spent auto-exploring this place.
 F = Levels seen in this place.
 G = Mean time per level.
                   A        B        C        D        E       F      G
               +--------+--------+--------+--------+--------+-----+--------+
         Total |   4429 |   4247 |    182 |      0 |   3519 |   6 |  738.2 |
       Dungeon |   4292 |   4182 |    110 |      0 |   3519 |   5 |  858.4 |
        Temple |    137 |     66 |     71 |      0 |      0 |   1 |  137.0 |
               +--------+--------+--------+--------+--------+-----+--------+

Top non-repeatable levels by time:
     D:3: 1641 daAuts
     D:4: 1239 daAuts
     D:2: 847 daAuts
     D:1: 472 daAuts
  Temple: 137 daAuts
     D:5: 92 daAuts
